 Dungeon Crawl Stone Soup version 0.17-a0-1570-g74b7129 (console) character file.

5824 FIQ the Grappler (level 10, -3/104 HPs)
             Began as a Troll Chaos Knight on July 23, 2015.
             Killed by divine providence
             ... invoked by an orc priest
              (12 damage)
             ... on level 9 of the Dungeon.
             The game lasted 00:39:43 (8201 turns).

FIQ the Grappler (Troll Chaos Knight)               Turns: 8201, Time: 00:39:43

Health: -3/104     AC:  9    Str: 27    XL:     10   Next: 51%
Magic:  9/9        EV: 14    Int: 12    God:    Xom [.....*]
Gold:   613        SH:  2    Dex: 15    Spells: 0 memorised, 9 levels left

rFire  . . .     SeeInvis .       - Unarmed
rCold  . . .     Clarity  .     a - +2 robe
rNeg   . . .     SustAt   .     (no shield)
rPois  .         Gourm    +     (helmet restricted)
rElec  +         Spirit   .     (no cloak)
rCorr  .         Warding  .     (gloves unavailable)
rMut   .         Stasis   .     (boots unavailable)
MR     .....                    (no amulet)
Stlth  +.........               m - +4 ring of intelligence
                                k - +3 ring of dexterity

@: mighty, not resistant to hostile enchantments, very unstealthy
A: unfitting armour, claws 3, large bone plates 1, fast metabolism 3, gourmand,
regeneration 2, shaggy fur 1, electricity resistance, tough skin 2
a: Renounce Religion


You were on level 9 of the Dungeon.
You worshipped Xom.
You were Xom's teddy bear.
You were completely stuffed.

You visited 2 branches of the dungeon, and saw 11 of its levels.

You collected 613 gold pieces.

Inventory:

Hand weapons
 u - a cursed -1 giant spiked club
Missiles
 z - 7 needles of slowing
Armour
 a - a +2 robe (worn)
Jewellery
 k - a +3 ring of dexterity (left claw)
 m - a +4 ring of intelligence (right claw)
Magical devices
 h - a wand of digging (7)
 n - a wand of flame (24)
 p - a wand of cold (13)
 q - a wand of lightning (15)
 t - a wand of polymorph (14)
 w - a wand of fireball (6)
Scrolls
 c - 9 scrolls of identify
 e - 9 scrolls of remove curse
 i - 3 scrolls of teleportation
 r - a scroll of amnesia
 v - a scroll of blinking
 x - a scroll of recharging
 y - a scroll of magic mapping
Potions
 d - a potion of cancellation
 l - a potion of brilliance
 o - 3 potions of curing
Books
 C - a book of Flames

   Spells                             Type                      Level
   a - Flame Tongue                   Conjuration/Fire             1
   b - Throw Flame                    Conjuration/Fire             2
   c - Conjure Flame                  Conjuration/Fire             3
   d - Inner Flame                    Hexes/Fire                   3
   e - Sticky Flame                   Conjuration/Fire             4
   f - Fireball                       Conjuration/Fire             5
Comestibles
 b - 10 bread rations
 f - 2 meat rations
 g - 2 slices of pizza
 j - 3 beef jerkies
 A - 4 chunks of flesh
 B - 10 royal jellies


   Skills:
 + Level 8.1 Fighting
 + Level 1.7 Throwing
 + Level 7.8 Dodging
 + Level 9.6 Unarmed Combat


You had 9 spell levels left.
You didn't know any spells.

Dungeon Overview and Level Annotations

Branches:
Dungeon (10/15)            Temple (1/1) D:7            Lair (0/8) D:9
    Orc: D:9-12

Altars:
Ashenzari
Cheibriados
Dithmenos
Elyvilon
Fedhas
Gozag
Kikubaaqudgha
Makhleb
Nemelex Xobeh
Okawaru
Qazlal
Ru
Sif Muna
Trog
Vehumet
Xom
Yredelemnul
Zin
The Shining One

Shops:
D:10 }


Innate Abilities, Weirdness & Mutations

You are too large for most types of armour.
You have claws for hands.
Your metabolism is lightning-fast.
You like to eat raw meat.
You heal very quickly.
You are covered in fur (AC +1).
You have very tough skin (AC +2).
You are partially covered in large bone plates (AC +2, SH +2).
You are resistant to electric shocks.


Message History

* * * LOW HITPOINT WARNING * * *
The hippogriff claws you.
* * * LOW HITPOINT WARNING * * *
You closely miss the hippogriff.
The hippogriff is almost dead.
You mangle the hippogriff!!
You kill the hippogriff!
You block the orc warrior's attack.
The orc priest invokes the aid of Beogh against you.
Something smites you!
* * * LOW HITPOINT WARNING * * *
Drink which item? (? for menu, Esc to quit)
You feel better. You block the orc warrior's attack.
The orc priest mumbles some strange prayers to Beogh against you.
Something smites you!
* * * LOW HITPOINT WARNING * * *
The orc priest mumbles some strange prayers to Beogh against you.
Something smites you!
You die...
Xom howls with laughter!

...........######. ...........#
#. ..P.... ...........######.
...F... #.#.............#.
..o.o.. ..#.............'.
....... ..#.#...........#.
....o.. #.#.#...........#.
....... #.# #.....#.....#(
####...oo#####†#.......#.....#.
#.......oo..##.#....#..........
#.########..##@# ##.#(.########
#.# #..##o#.##.#.. # ###.#
#.o.oo.....# #
....#########.##.#.#### #
###..............#.# #
#.#########.####.# #
#.................. #
#..............#.##
#.############## #.# #.#


You could see an orc warrior and 2 orc priests.

Vanquished Creatures
  Sigmund (D:2)
  A wyvern (D:9)
  A golden eye (D:9)
  3 yaks (D:9)
  A hippogriff (D:9)
  A hungry ghost (D:7)
  A warg (D:9)
  Duvessa (D:5)
  An ice beast (D:7)
  3 phantoms
  3 sky beasts
  6 orc warriors
  2 centaurs
  4 ogres
  A crocodile (D:9)
  A wyvern zombie (D:10)
  8 giant frogs
  A scorpion (D:8)
  Dowan (D:5)
  8 killer bees (D:8)
  A giant frog zombie (D:6)
  A crimson imp (D:6)
  A gnoll shaman (D:4)
  9 orc wizards
  Crazy Yiuf (D:3)
  11 orc priests
  3 jellies (D:8)
  A giant frog skeleton (D:7)
  3 hounds
  3 iguanas
  Natasha (thrice) (D:3)
  5 worker ants
  A hound zombie (D:8)
  A hound skeleton (D:8)
  A worker ant zombie (D:6)
  8 adders
  23 gnolls
  2 shadow imps
  5 oozes (D:8)
  2 adder zombies
  An adder skeleton (D:6)
  5 giant geckos
  48 orcs
  11 bats
  A bat skeleton (D:4)
  A bat zombie (D:6)
  5 giant cockroaches
  22 hobgoblins
  26 kobolds
  A quokka (D:7)
  3 giant gecko skeletons
  4 giant newts
  25 goblins
  7 jackals
  A jackal zombie (D:6)
  A quokka zombie (D:8)
  13 rats
309 creatures vanquished.

Vanquished Creatures (collateral kills)
  A worker ant (D:8)
  An ooze (D:6)
  An orc (D:8)
3 creatures vanquished.

Vanquished Creatures (others)
  An orc wizard (D:3)
1 creature vanquished.

Grand Total: 313 creatures vanquished

Notes
Turn   | Place    | Note
--------------------------------------------------------------
     0 | D:1      | FIQ the Troll Chaos Knight began the quest for the Orb.
     0 | D:1      | Reached XP level 1. HP: 22/22 MP: 0/0
   157 | D:1      | Reached XP level 2. HP: 29/29 MP: 1/1
   183 | D:1      | XOM: harmless Trmt miscast
   331 | D:1      | XOM: harmless Pois miscast
   613 | D:1      | XOM: divination: detect creatures
   858 | D:2      | XOM: harmless Ice miscast
   953 | D:2      | Reached XP level 3. HP: 36/36 MP: 2/2
  1022 | D:2      | Noticed Sigmund
  1044 | D:2      | Killed Sigmund
  1044 | D:2      | Reached skill level 4 in Unarmed Combat
  1044 | D:2      | Reached XP level 4. HP: 8/45 MP: 3/3
  1044 | D:2      | Reached XP level 5. HP: 9/53 MP: 4/4
  1196 | D:3      | XOM: noise
  1219 | D:3      | XOM: butterfly on damage
  1220 | D:3      | XOM: smoke on damage
  1332 | D:3      | Noticed Natasha
  1346 | D:3      | Killed Natasha
  1350 | D:3      | XOM: harmless Ice miscast
  1355 | D:3      | XOM: confusion
  1356 | D:3      | Reached XP level 6. HP: 55/62 MP: 5/5
  1362 | D:3      | XOM: noise
  1364 | D:3      | XOM: mild Erth miscast
  1400 | D:3      | Noticed Natasha
  1405 | D:3      | Killed Natasha
  1415 | D:3      | XOM: cast spell 'Metabolic Englaciation'
  1441 | D:3      | XOM: divination: detect creatures
  1503 | D:3      | Noticed Natasha
  1508 | D:3      | Killed Natasha
  1517 | D:3      | XOM: noise
  1707 | D:3      | XOM: 2-stop teleportation journey
  1802 | D:3      | Noticed Crazy Yiuf
  1809 | D:3      | Killed Crazy Yiuf
  2040 | D:3      | XOM: noise
  2058 | D:3      | XOM: medium Hex miscast
  2087 | D:4      | XOM: confuse monster(s)
  2088 | D:4      | XOM: enchant monster (good)
  2093 | D:4      | Reached skill level 5 in Unarmed Combat
  2168 | D:4      | Reached XP level 7. HP: 51/70 MP: 6/6
  2171 | D:4      | XOM: 8-stop teleportation journey
  2371 | D:4      | Found a deep blue altar of Sif Muna.
  2371 | D:4      | XOM: 2-stop teleportation journey
  2391 | D:4      | XOM: chaos cloud
  2622 | D:4      | Found a white marble altar of Elyvilon.
  2622 | D:4      | Found a deep blue altar of Sif Muna.
  2880 | D:4      | XOM: medium Hex miscast
  3041 | D:4      | XOM: noise
  3054 | D:5      | Entered Level 5 of the Dungeon
  3088 | D:5      | Reached skill level 6 in Unarmed Combat
  3095 | D:5      | Gained mutation: You possess an exceptional clarity of mind. [mutagenic meat]
  3096 | D:5      | Gained mutation: You can breathe flames. [mutagenic meat]
  3097 | D:5      | Lost mutation: You can breathe flames. [mutagenic meat]
  3098 | D:5      | Gained mutation: You are occasionally teleported to nearby monsters. [mutagenic meat]
  3099 | D:5      | Gained mutation: You are resistant to electric shocks. [mutagenic meat]
  3239 | D:5      | XOM: blink monster(s)
  3247 | D:5      | Reached skill level 5 in Fighting
  3247 | D:5      | Reached XP level 8. HP: 71/80 MP: 7/7
  3278 | D:5      | XOM: mild Chrm miscast
  3318 | D:5      | Noticed Duvessa
  3319 | D:5      | Noticed Dowan
  3325 | D:5      | Killed Dowan
  3334 | D:5      | Killed Duvessa
  3334 | D:5      | Reached skill level 5 in Dodging
  3445 | D:5      | Found an opulent altar of Gozag.
  3445 | D:5      | Found a sparkling altar of Nemelex Xobeh.
  3447 | D:5      | XOM: noise
  3486 | D:5      | XOM: mild Chrm miscast
  3520 | D:5      | XOM: summons 5 hostile shadow creatures
  3851 | D:6      | XOM: harmless Necr miscast
  3852 | D:6      | XOM: noise
  3889 | D:6      | XOM: give mutations
  3889 | D:6      | Gained mutation: You are weak. (Str -2) [Xom's mischief]
  3889 | D:6      | Gained mutation: Armour fits poorly on your strangely shaped body. [Xom's mischief]
  3896 | D:6      | XOM: summons 2 hostile shadow creatures
  3933 | D:6      | Found a blossoming altar of Fedhas.
  4079 | D:6      | XOM: smoke on damage
  4081 | D:6      | Reached skill level 7 in Unarmed Combat
  4083 | D:6      | XOM: swap monsters
  4092 | D:6      | XOM: harmless Necr miscast
  4094 | D:6      | XOM: give mutation
  4094 | D:6      | Lost mutation: You possess an exceptional clarity of mind. [Xom's mischief]
  4134 | D:6      | XOM: harmless Pois miscast
  4140 | D:6      | XOM: smoke on damage
  4186 | D:6      | XOM: summons 7 friendly demons
  4198 | D:6      | Reached XP level 9. HP: 27/89 MP: 8/8
  4333 | D:6      | XOM: confuse monster(s)
  4377 | D:6      | XOM: colour smoke trail
  5030 | D:6      | XOM: silly message
  5108 | D:6      | XOM: cast spell 'Spider Form'
  5291 | D:6      | XOM: divination: detect creatures
  5608 | D:7      | Found a staircase to the Ecumenical Temple.
  5616 | D:7      | XOM: vitrification
  5618 | D:7      | Got a warped short sword
  5619 | D:7      | Identified the +7 short sword of the Exiled Ships {flame, Dex+3} (You found it on level 7 of the Dungeon)
  5623 | Temple   | Entered the Ecumenical Temple
  5669 | Temple   | XOM: give mutations
  5669 | Temple   | Gained mutation: You have a pair of small antennae on your head. [Xom's grace]
  5669 | Temple   | Gained mutation: Your mind is acute. (Int +2) [Xom's grace]
  5669 | Temple   | Gained mutation: You are partially covered in large bone plates (AC +2, SH +2). [Xom's grace]
  5669 | Temple   | Gained mutation: Your system is resistant to poisons. [Xom's grace]
  5893 | D:7      | XOM: enchant monster (bad)
  5901 | D:7      | Reached skill level 8 in Unarmed Combat
  6054 | D:7      | You fall through a shaft for 3 floors!
  6054 | D:10     | Entered Level 10 of the Dungeon
  6106 | D:10     | XOM: chaos cloud
  6110 | D:10     | Paralysed by you for 4 turns
  6217 | D:10     | XOM: stat loss: -1 Dex (14/15)
  6338 | D:10     | Found Yduy's Gadget Emporium.
  6472 | D:9      | XOM: polymorph deep elf mage -> golden eye
  6507 | D:9      | XOM: mild Summ miscast
  6508 | D:9      | Reached XP level 10. HP: 43/102 MP: 9/9
  6512 | D:9      | XOM: chaos upgrade
  6530 | D:9      | XOM: give mutations
  6530 | D:9      | Lost mutation: Your mind is acute. (Int +2) [Xom's mischief]
  6530 | D:9      | Gained mutation: You are very weak. (Str -4) [Xom's mischief]
  6530 | D:9      | Lost mutation: You are very weak. (Str -4) [Xom's mischief]
  6530 | D:9      | Lost mutation: Your system is resistant to poisons. [Xom's mischief]
  6552 | D:9      | Lost mutation: Armour fits poorly on your strangely shaped body. [potion of cure mutation]
  6552 | D:9      | Lost mutation: You have a pair of small antennae on your head. [potion of cure mutation]
  6552 | D:9      | Lost mutation: You are weak. (Str -2) [potion of cure mutation]
  6552 | D:9      | Lost mutation: You are occasionally teleported to nearby monsters. [potion of cure mutation]
  6564 | D:9      | XOM: repel stairs
  6568 | D:9      | Reached skill level 9 in Unarmed Combat
  6625 | D:9      | Found a glowing golden altar of the Shining One.
  6695 | D:8      | XOM: swap monsters
  6782 | D:8      | XOM: noise
  7195 | D:8      | XOM: potion effect (brilliance)
  7215 | D:8      | XOM: enchant monster (good)
  7216 | D:8      | XOM: silly message
  7261 | D:8      | XOM: noise
  7280 | D:8      | XOM: torment (48/104 hp)
  7392 | D:8      | XOM: summons 4 hostile shadow creatures
  7425 | D:8      | XOM: god gift: 7 needles of slowing
  7472 | D:8      | XOM: god gift: scroll labeled HUGASMETTU
  7488 | D:8      | XOM: summons friendly iron imp
  7612 | D:8      | XOM: vitrification
  7710 | D:8      | XOM: swap monsters
  7730 | D:8      | Found a shattered altar of Ashenzari.
  7732 | D:8      | Found a bloodstained altar of Trog.
  7935 | D:7      | XOM: 9-stop teleportation journey
  7975 | D:7      | XOM: harmless Fire miscast
  7976 | D:7      | XOM: confuse monster(s)
  7984 | D:7      | Reached skill level 1 in Throwing
  8174 | D:9      | Found a staircase to the Lair.
  8183 | D:9      | XOM: fake destruction
  8201 | D:9      | Killed from afar by an orc priest

Vault maps used:
D:1:      lightli_arrival_noodles
D:2:      kennysheep_generic_room_5, uniq_sigmund
D:3:      serial_corexii_hall, corexii_hall_statues_l, corexii_hall_statues_s,
          corexii_hall_statues_l, corexii_hall_statues_i,
          corexii_hall_statues_x, corexii_hall_statues_t, uniq_natasha,
          uniq_crazy_yiuf_cottage
D:4:      lemuel_upstairs_altar, gammafunk_temple_overflow_statue, minivault_26
D:5:      grunt_temple_overflow_opulence, first_bread, uniq_duvessa
D:6:      corexii_shantytown, lemuel_doored_altar, st_stairs_10,
          dk_noncrumbling_4, minmay_joined_circles
D:7:      minmay_temple_entry_grid
D:8:      gammafunk_temple_overflow_pools, hangedman_little_slice_of_home,
          solitary_fountain
D:9:      erik_lair_orcish_takeover, basic_altar
D:10:     trove_entry_hex_spiral, serial_shops, shop
Temple:   circular_temple_12

Action                   |  1- 3 |  4- 6 |  7- 9 | 10-12 || total
-------------------------+-------+-------+-------+-------++-------
Melee: Unarmed           |    67 |   147 |   606 |   180 ||  1000
  Use: Potion            |     2 |     6 |     3 |     4 ||    15
       Scroll            |     3 |       |     5 |     2 ||    10
 Stab: Sleeping          |     1 |     1 |     5 |       ||     7
       Paralysed         |       |     2 |       |       ||     2
       Distracted        |       |       |     2 |       ||     2
       Invisible         |       |       |     1 |       ||     1
       Confused          |       |       |       |     1 ||     1
  Eat: Chunk             |    14 |    11 |    48 |    17 ||    90
